 Dungeon Crawl Stone Soup version 0.28-a0-1616-g050a50673c (webtiles) character file.

Game seed: 234935390274445628

2976 anonymouscript the Covered (level 10, 0/70 HPs)
             Began as a Djinni Fighter on Jan 23, 2022.
             Was an Elder of Okawaru.
             Slain by a two-headed ogre (8 damage)
             ... on level 8 of the Dungeon.
             The game lasted 00:40:51 (8454 turns).

anonymouscript the Covered (Djinni Fighter)         Turns: 8454, Time: 00:40:51

Health: 0/70       AC: 15    Str: 17    XL:     10   Next: 8%
Gold:   492        EV: 11    Int: 11    God:    Okawaru [****..] SH:  0 Dex: 14

rFire   + + .      SeeInvis .   h - +8 dagger (venom)
rCold   x . .      Faith    +   t - orb {mayhem}
rNeg    + . .      Spirit   .   b - +1 scale mail
rPois   ∞          Reflect  .   n - +2 helmet
rElec   .          Harm     .   (no cloak)
rCorr   .          Rampage  .   p - +2 pair of gloves
Will    +....                   (boots unavailable)
Stlth   +.........              l - amulet of faith
HPRegen 0.21/turn               v - ring of positive energy
MPRegen 0.00/turn               (no ring)

@: flying
A: sickness immunity, fire resistance 2, cold vulnerability 1, float, innate
caster, hp casting, extra vitality 1
a: Renounce Religion, Heroism, Finesse


You were on level 8 of the Dungeon.
You worshipped Okawaru.
Okawaru was greatly pleased with you.
You visited 1 branch of the dungeon, and saw 9 of its levels.

You collected 576 gold pieces.
You spent 84 gold pieces at shops.

Inventory:

Hand Weapons
 a - a +0 long sword
 h - a +8 dagger of venom (weapon)
 y - a +1 vorpal spear
 z - a +4 quarterstaff of chaos
Missiles
 f - a throwing net
 g - 11 poisoned darts
Armour
 b - a +1 scale mail (worn)
 c - a +0 buckler
 n - a +2 helmet (worn)
 p - a +2 pair of gloves (worn)
 t - an orb of mayhem (worn)
Jewellery
 l - an amulet of faith (around neck)
 v - a ring of positive energy (left hand)
Wands
 o - a wand of flame (21)
 B - a wand of iceblast (9)
 D - a wand of paralysis (8)
 E - a wand of polymorph (4) (quivered)
Scrolls
 j - a scroll of magic mapping {unknown}
 k - 2 scrolls of fog
 m - a scroll of noise
 r - a scroll of acquirement {unknown}
 u - 4 scrolls of teleportation
 w - a scroll of identify
 F - a scroll of vulnerability {unknown}
 G - a scroll of torment {unknown}
Potions
 d - 3 potions of might
 e - 2 potions of brilliance
 i - a potion of mutation
 q - 2 potions of curing
 s - 2 potions of lignification
 x - a potion of invisibility
 A - 3 potions of heal wounds {unknown}
 C - 2 potions of attraction {unknown}


   Skills:
 + Level 5.4 Fighting
 - Level 5.2(5.4) Short Blades
 - Level 1.8(3.8) Long Blades
 - Level 7.4 Armour
 - Level 3.7 Dodging
 + Level 2.1 Stealth
 + Level 4.8 Shields
 * Level 4.4 Spellcasting
 + Level 1.1 Invocations


You had 8 spell levels left.
You knew the following spells:

 Your Spells              Type           Power      Damage    Failure   Level
a - Summon Small Mammal   Summ           48%        N/A       11%         1
b - Searing Ray           Conj           24%        2d5       16%         2
c - Vampiric Draining     Necr           12%        2d6       32%         3
d - Ignite Poison         Fire/Tmut/Pois 12%        N/A       32%         3
Your spell library was empty.

Dungeon Overview and Level Annotations

Branches:
Dungeon (9/15)             Temple (0/1) D:7
   Lair: D:8-11         Orc: D:9-12

Altars:
Kikubaaqudgha
Nemelex Xobeh
Okawaru
Qazlal
Uskayaw

Shops:
D:1 ?


Innate Abilities, Weirdness & Mutations

You are immune to sickness and miasma.
You are immune to poison.
Your flesh is very heat resistant. (rF++)
You are vulnerable to cold. (rC-)
You float through the air rather than walking.
You learn spells naturally, not from books.
Your magical power is your life essence.
You have superior vitality. (+4 MHP)


Message History

The wight hits you but does no damage.
You barely miss the wight.
The wight is severely damaged.
You closely miss the wight.
The wight is severely damaged.
The wight hits you with a +0 short sword.
You hit the wight but do no damage.
The wight is severely damaged.
The wight hits you but does no damage.
You hit the wight but do no damage.
The wight is severely damaged.
You puncture the wight!
You destroy the wight!
Okawaru accepts your kill.
Items here: ( ))) [[.
There is a stone staircase leading down here.
You fly downwards.
You hear the roar of battle.
There is an entrance to a bailey on this level.
Hurry and find it before the portal closes forever!
The wight hits you with a +3 dire flail!
The two-headed ogre hits you with a +0 giant spiked club!!
The two-headed ogre closely misses you. The wight barely misses you.
The wight hits you with a +3 dire flail.
There is a stone staircase leading up here.
The wight barely misses you.
The wight hits you from afar with a +4 spear.
The wight hits you with a +3 dire flail.
The two-headed ogre hits you with a +0 giant spiked club!
* * * LOW HITPOINT WARNING * * *
The two-headed ogre hits you with a +0 giant club!
* * * LOW HITPOINT WARNING * * *
You fly upwards.
There is a stone staircase leading down here.
The wight hits you with a +3 dire flail.
* * * LOW HITPOINT WARNING * * *
Items here: ( ))) [[.
The wight closely misses you. The two-headed ogre misses you.
The two-headed ogre hits you with a +0 giant club!
You die...

#.#.#.....##.....##....####
#.#.#.....................#
#.#.#......#.....##.#......
#.#...........#+###.......#
#.....................(....
###########.#.#.####..#####
#...z...#....z...##
#z#O#####.#..O...#.
#.@.........)....#.
#####.###.###[[..#. #.....#
#.###>.....
#.##..###......####
#.......#.......##
#.......#.#####.<#
####...........# #..#
#............#.###..#
#...........##......#


You could see a two-headed ogre and 2 wights.

Vanquished Creatures
  Joseph (D:7)
  A steam dragon (D:8)
  Edmund (D:4)
  2 orc warriors
  An ice beast (D:4)
  3 ogres
  3 centaurs
  A phantom (D:4)
  2 kobold brigands (D:7)
  A bullfrog (D:7)
  A scorpion (D:7)
  A wyvern zombie (D:6)
  A howler monkey (D:7)
  A wight (D:8)
  A hound (D:5)
  Crazy Yiuf (D:6)
  A centaur zombie (D:7)
  4 gnoll shamans
  2 orc priests
  2 jellies
  A centaur skeleton (D:7)
  An iguana (D:5)
  4 orc wizards
  A killer bee zombie (D:5)
  18 gnolls
  5 adders
  A shadow imp (D:6)
  A white imp (D:8)
  An ufetubus (D:6)
  3 worms
  2 dart slugs
  10 orcs
  4 endoplasms
  4 giant cockroaches
  12 goblins
  6 hobgoblins
  3 jackals (D:3)
  5 quokkas
  6 ball pythons
  7 bats
  A frilled lizard (D:2)
  14 kobolds
  5 rats
146 creatures vanquished.

Vanquished Creatures (collateral kills)
  A hornet (D:6)
  A water moccasin (D:7)
  A kobold brigand (D:8)
  An iguana (D:6)
  An orc wizard (D:6)
  A gnoll (D:6)
  An adder (D:6)
  An ufetubus (D:6)
  2 orcs (D:6)
  3 kobolds
13 creatures vanquished.

Vanquished Creatures (others)
  A gnoll shaman (D:8)
  An orc (D:7)
  A kobold (D:7)
  A fungus (D:6)
4 creatures vanquished.

Grand Total: 163 creatures vanquished

Notes
Turn   | Place    | Note
-------+----------+-------------------------------------------
     0 | D:1      | anonymouscript the Djinni Fighter began the quest for the
                  | Orb.
     0 | D:1      | Reached XP level 1. HP: 20/20 MP: 0/0
   248 | D:1      | Reached XP level 2. HP: 25/25 MP: 0/0
   444 | D:1      | Found Kaobokow's Magic Scroll Shoppe.
   480 | D:1      | Bought a scroll of fog for 28 gold pieces
   480 | D:1      | Bought a scroll of identify for 28 gold pieces
   480 | D:1      | Bought a scroll of identify for 28 gold pieces
   958 | D:2      | Reached XP level 3. HP: 30/30 MP: 0/0
   958 | D:2      | Learned a level 1 spell: Summon Small Mammal
  1117 | D:2      | Found an iron altar of Okawaru.
  1127 | D:2      | Became a worshipper of Warmaster Okawaru
  1160 | D:2      | Found a faded altar of an unknown god.
  1162 | D:2      | Noticed a golden eye
  1162 | D:2      | Noticed a floating eye
  1163 | D:2      | Noticed a golden eye
  1163 | D:2      | Noticed a floating eye
  1251 | D:2      | Reached skill level 1 in Short Blades
  1319 | D:2      | Reached XP level 4. HP: 35/35 MP: 0/0
  1985 | D:4      | Noticed an ice beast
  2039 | D:5      | Entered Level 5 of the Dungeon
  2064 | D:5      | Reached XP level 5. HP: 38/40 MP: 0/0
  2064 | D:5      | Learned a level 2 spell: Searing Ray
  2074 | D:5      | Noticed a phantom
  2104 | D:4      | Killed an ice beast
  2104 | D:4      | Reached * piety under Okawaru
  2105 | D:4      | Reached skill level 1 in Dodging
  2105 | D:4      | Reached XP level 6. HP: 46/46 MP: 0/0
  2201 | D:4      | Noticed Edmund
  2204 | D:5      | Noticed an ogre
  2257 | D:4      | Killed Edmund
  2258 | D:4      | Reached skill level 4 in Armour
  2258 | D:4      | Reached skill level 1 in Spellcasting
  2571 | D:4      | Killed an ogre
  2571 | D:4      | Reached ** piety under Okawaru
  2572 | D:4      | Reached XP level 7. HP: 22/51 MP: 0/0
  2572 | D:4      | Learned a level 3 spell: Vampiric Draining
  3787 | D:5      | Reached XP level 8. HP: 46/58 MP: 0/0
  3835 | D:5      | Reached skill level 5 in Armour
  4196 | D:5      | Reached *** piety under Okawaru
  4262 | D:6      | Reached skill level 1 in Stealth
  4534 | D:6      | Noticed a hornet
  4785 | D:6      | Killed a hornet
  5543 | D:6      | Reached skill level 6 in Armour
  5543 | D:6      | Reached XP level 9. HP: 54/62 MP: 0/0
  5543 | D:6      | Learned a level 3 spell: Ignite Poison
  5596 | D:6      | Found a runed translucent door.
  5597 | D:6      | Noticed Crazy Yiuf
  5605 | D:6      | Killed Crazy Yiuf
  5777 | D:7      | Found a staircase to the Ecumenical Temple.
  5790 | D:7      | Found a large runed translucent door.
  5805 | D:7      | Found a large runed translucent door.
  5870 | D:7      | Reached **** piety under Okawaru
  5939 | D:7      | Found a sparkling altar of Nemelex Xobeh.
  6530 | D:7      | Found a hide-covered altar of Uskayaw.
  6542 | D:7      | Reached skill level 7 in Armour
  6686 | D:7      | Found a stormy altar of Qazlal.
  6864 | D:8      | Noticed Joseph
  6937 | D:7      | Paralysed by Joseph for 7 turns
  6952 | D:7      | Killed Joseph
  6953 | D:7      | Reached skill level 5 in Short Blades
  6953 | D:7      | Reached skill level 1 in Invocations
  7258 | D:8      | Reached ***** piety under Okawaru
  7622 | D:8      | Reached skill level 5 in Fighting
  7630 | D:8      | Reached XP level 10. HP: 70/70 MP: 0/0
  8419 | D:9      | Noticed a two-headed ogre
  8454 | D:8      | Slain by a two-headed ogre

Illustrated notes

Levels and vault maps discovered:
D:1:      dpeg_arrival_shrine, layout_basic, serial_shops, shop, serial_forest,
          infiniplex_forest_clump_C, infiniplex_forest_lined_corner,
          infiniplex_forest_lined_3, infiniplex_forest_lined_room_,
          minmay_misc_feat_hallway
D:2:      layout_basic, hellmonk_ecumenical_altar_watching_god, basic_altar,
          grunt_decor_arrowhead
D:3:      layout_basic, serial_rivers, chequers_serial_rivers_micro_d,
          chequers_serial_rivers_small_a, chequers_serial_rivers_micro_b,
          chequers_serial_rivers_micro_b, chequers_serial_rivers_small_b,
          chequers_serial_rivers_micro_c
D:4:      layout_cave_pools, uniq_edmund
D:5:      layout_cave_pools, chequers_serial_rivers_small_3,
          minmay_ogre_servants
D:6:      layout_rooms, uniq_crazy_yiuf_cottage
D:7:      layout_basic, nicolae_kikubaaqudgha_miasma_corner, old_standard_altar,
          jmf_multi_god_temple2, minmay_temple_entry_wispy, serial_park_tiny_1
D:8:      layout_basic, uniq_joseph
D:9:      cheibrodos_ideogram_h, layout_rooms, enter_bailey_4,
          david_defended_altar_orc

Skill      XL: |  1  2  3  4  5  6  7  8  9 |
---------------+----------------------------+-----
Short Blades   | 1 2 3 4 5 |  5.2
Dodging        | 1 2 3 |  3.7
Armour         | 4 6 7 |  7.4
Shields        | 4 |  4.8
Spellcasting   | 1 3 4 |  4.4
Fighting       | 4 5 |  5.4
Stealth        | 1 2 |  2.1
Invocations    | 1 |  1.1
Long Blades    | |  1.8

Action                   |  1- 3 |  4- 6 |  7- 9 | 10-12 || total
-------------------------+-------+-------+-------+-------++-------
Melee: Long sword        |    19 |       |       |       ||    19
       Dagger            |    54 |   113 |   348 |    29 ||   544
Throw: Throwing net      |     1 |       |       |       ||     1
Invok: Heroism           |       |       |     5 |     1 ||     6
  Use: Scroll            |       |     4 |     9 |     3 ||    16
Armor: Scale mail        |    27 |    46 |   193 |     8 ||   274
Dodge: Dodged            |    34 |    46 |   199 |    12 ||   291
Block: Buckler           |    16 |    25 |    23 |       ||    64

Table legend: (Time is in decaauts)
 A = Elapsed time spent in this place.
 B = Non-inter-level travel time spent in this place.
 C = Inter-level travel time spent in this place.
 D = Time resting spent in this place.
 E = Time spent auto-exploring this place.
 F = Levels seen in this place.
 G = Mean time per level.
                   A        B        C        D        E       F      G
               +--------+--------+--------+--------+--------+-----+--------+
         Total |   8373 |   8183 |    190 |   2174 |   4086 |   9 |  930.3 |
       Dungeon |   8373 |   8183 |    190 |   2174 |   4086 |   9 |  930.3 |
               +--------+--------+--------+--------+--------+-----+--------+

Top non-repeatable levels by time:
     D:5: 1671 daAuts
     D:7: 1510 daAuts
     D:8: 1194 daAuts
     D:6: 1071 daAuts
     D:1: 951 daAuts
     D:4: 945 daAuts
     D:3: 646 daAuts
     D:2: 377 daAuts
     D:9: 5 daAuts
